 Dungeon Crawl Stone Soup version 0.29.0-4-gdea44cf6ec (webtiles) character file.

Game seed: 1689697843859703139

88927 qw the Severer (level 15, -1/92 HPs)
             Began as a Tengu Warper on Aug 28, 2022.
             Was a High Priest of Okawaru.
             Slain by an orc knight
             ... wielding a +0 great sword
              (13 damage)
             ... on level 2 of the Orcish Mines.
             The game lasted 00:02:50 (21527 turns).

qw the Severer (Tengu Warper)                      Turns: 21527, Time: 00:02:51

Health: -1/92      AC: 26    Str: 20    XL:     15   Next: 95%
Magic:  23/23      EV: 15    Int: 17    God:    Okawaru [*****.]
Gold:   2591       SH: 20    Dex: 13    Spells: 18/18 levels left

rFire   + + +      SeeInvis +   Y - +4 broad axe (flame)
rCold   + + .      Faith    .   c - +0 tower shield
rNeg    + . .      Spirit   .   i - +0 plate armour
rPois   +          Reflect  .   f - +2 hat
rElec   .          Harm     .   e - +1 cloak
rCorr   +          Rampage  .   y - +1 pair of gloves "Erusti" {rF++}
Will    .....                   (boots unavailable)
Stlth   ..........              m - amulet "Huvyen" {Regen+ Int+4}
HPRegen 1.85/turn               k - +4 ring of evasion
MPRegen 0.18/turn               j - ring of Byegyfec {rC+ rN+ Will- rCorr SInv}

@: about to teleport, heroic, flying quickly and evasively, quick
A: beak, talons 3, nimble flight, iridescent scales 1, cold resistance 1, fire
resistance 1, poison resistance, regeneration 1
a: Renounce Religion, Heroism, Finesse, Duel


You were on level 2 of the Orcish Mines.
You worshipped Okawaru.
Okawaru was extremely pleased with you.
You visited 4 branches of the dungeon, and saw 23 of its levels.
You also visited: Ossuary.

You collected 2771 gold pieces.
You spent 180 gold pieces at shops.


Innate Abilities, Weirdness & Mutations

You have a beak for a mouth.
You have claws for feet.
Your magical nature lets you fly swiftly and evasively.
You are partially covered in iridescent scales. (AC +2)
Your flesh is cold resistant. (rC+)
Your flesh is heat resistant. (rF+)
Your system is resistant to poisons. (rPois)
Your natural rate of healing is unusually fast.


   Skills:
 - Level 10.0(15.0) Fighting
 - Level 18.0(23.0) Axes
 - Level 6.0(11.0) Throwing
 - Level 11.0(16.0) Armour
 - Level 6.0(11.0) Dodging
 + Level 12.7(17.7) Shields
 - Level 2.0 Spellcasting
 - Level 2.4 Translocations
 - Level 10.0 Invocations


You had 18 spell levels left.
You didn't know any spells.
Your spell library contained the following spells:

 Spells                   Type           Power      Damage    Failure   Level
 Blink                    Tloc           18%        N/A       97%         2
 Gell's Gravitas          Tloc           9%         N/A       99%         3
 Lesser Beckoning         Tloc           9%         N/A       99%         3
 Teleport Other           Tloc           9%         N/A       99%         3
 Manifold Assault         Tloc           9%         N/A       100%        5

Inventory:

Hand Weapons
 Y - a +4 broad axe of flaming (weapon)
Missiles
 a - 11 boomerangs
 p - 4 javelins (quivered)
Armour
 c - a +0 tower shield (worn)
 e - a +1 cloak (worn)
 f - a +2 hat (worn)
 h - a +2 chain mail of cold resistance
 i - a +0 plate armour (worn)
 y - the +1 pair of gloves "Erusti" (worn) {rF++}
   (Okawaru gifted it to you on level 5 of the Lair of Beasts)

   rF:        It greatly protects you from fire.
Jewellery
 b - a ring of protection from fire
 j - the ring of Byegyfec (right hand) {rC+ rN+ Will- rCorr SInv}
   (You acquired it on level 1 of the Lair of Beasts)

   [ring of positive energy]

   rC:        It protects you from cold.
   rN:        It protects you from negative energy.
   SInv:      It lets you see invisible.
   rCorr:     It protects you from acid and corrosion.
   Will:      It decreases your willpower.
 k - a +4 ring of evasion (left hand)
 m - the amulet "Huvyen" (around neck) {Regen+ Int+4}
   (You acquired it in an ossuary)

   [amulet of regeneration]

   Int:       It affects your intelligence (+4).
   Regen:     It increases your rate of health regeneration.
 o - a ring of see invisible
 q - a ring of protection from fire
 v - a +6 ring of dexterity
 w - the amulet "Neganoasm" {Acrobat rC++ rN+ rCorr Dex-5}
   (You found it on level 1 of the Lair of Beasts)

   [amulet of the acrobat]

   It increases your evasion while moving and waiting.
   Dex:       It affects your dexterity (-5).
   rC:        It greatly protects you from cold.
   rN:        It protects you from negative energy.
   rCorr:     It protects you from acid and corrosion.
Scrolls
 l - 12 scrolls of identify
 r - 5 scrolls of teleportation
Potions
 d - 14 potions of curing
 g - a potion of haste
 n - 3 potions of mutation
 u - a potion of resistance
 x - 6 potions of might
 z - a potion of magic

Dungeon Overview and Level Annotations

Branches:
Dungeon (15/15)            Temple (1/1) D:4            Lair (5/5) D:10
  Swamp (0/4) Lair:3       Spider (0/4) Lair:2        Slime (0/5) Lair:4
    Orc (2/2) D:9          Vaults (0/5) D:13         Depths (0/4) D:15
Ossuary (visited)
    Elf: Orc:2

Altars:
Ashenzari
Cheibriados
Dithmenos
Elyvilon
Fedhas
Gozag
Hepliaklqana
Kikubaaqudgha
Makhleb
Nemelex Xobeh
Okawaru
Qazlal
Ru
Sif Muna
Trog
Uskayaw
Vehumet
Wu Jian
Xom
Yredelemnul
Zin
The Shining One
Jiyva

Shops:
D:2 *   D:6 (   D:9 *   Orc:2 (

Annotations:
D:7 1 runed translucent door, Crazy Yiuf
D:13 2 transporters, Xeymp's ghost, journeyman SpEn
Lair:4 1 runed translucent door, 2 transporters, Juirae's ghost, journeyman TrMo


Message History

You block the orc's attack.
The orc wizard shouts!
You hit the orc warrior but do no damage.
Your kick misses the orc warrior. Your peck misses the orc warrior.
The orc warrior is severely wounded.
You slash the orc! You burn the orc.
You kill the orc!
You hit the orc knight. You burn the orc knight. You slash the orc warrior!
You burn the orc warrior. You slice the orc!! You burn the orc.
You kill the orc!
The orc knight hits you with a +0 great sword!!
You block the orc warrior's attack.
An orc knight comes into view. It is wielding a +1 long sword.
You block the orc warrior's attack.
21525 ||| READING 6 scrolls of teleportation.
As you read the scroll of teleportation, it crumbles to dust.
You feel strangely unstable. The orc knight misses you.
You block the orc warrior's attack.
The orc knight roars a battlecry!
The orcs go into a battle-frenzy!
The orc misses you.
The orc warrior hits you with a +0 dire flail.
You block the orc's attack.
You cut the orc warrior into ribbons!!! You burn the orc warrior.
You kill the orc warrior!
Okawaru accepts your kill.
You slash the orc! You burn the orc.
You kill the orc!
You slash the orc knight! You burn the orc knight.
You barely miss the orc warrior. You barely miss the orc.
You block the orc knight's attack. The orc warrior barely misses you.
You block the orc's attack.
You closely miss the orc knight.
The orc knight is severely wounded.
You barely miss the orc. You slash the orc warrior! You burn the orc warrior.
You kill the orc warrior!
Okawaru accepts your kill.
You closely miss the orc.
The orc knight hits you with a +0 great sword!
You die...

.... .... ######..#
#.# #\...#..# #.# .
#....#..##### #.###.
#.)oo#....... ......
..o###@##..# #.#
#..... ..ooooo))...#
#.# #..8..
..oo###+###.# #.#
#))... ..
#.###.###.#
#.)....).)#
#.###.###.# #.# #.#
#.#
.#######.###.###.#
....................


You could see an orc knight (strong), an orc priest (strong), 3 orc wizards and
4 orcs.

Vanquished Creatures
  A fire giant (D:15)
  A vault guard (D:13)
  Erolcha (D:10)
  5 centaur warriors
  5 hydras
  A catoblepas (Lair:5)
  2 ogre magi
  3 boulder beetles
  10 two-headed ogres
  9 death yaks
  A tengu warrior (D:11)
  Urug (Orc:1)
  3 skeletal warriors (D:14)
  A wizard (D:15)
  4 lindwurms (Lair:5)
  Pikel (D:5)
  3 orc knights (Orc:2)
  A deep elf pyromancer (D:15)
  20 ugly things
  An oklob plant (Lair:4)
  6 cyclopes
  A will-o-the-wisp (Lair:3)
  4 manticores
  8 black mambas
  2 gargoyles (D:13)
  6 elephants
  13 cane toads
  2 unseen horrors
  5 yaktaurs
  9 komodo dragons
  A kobold demonologist (D:10)
  A freezing wraith (D:14)
  9 rime drakes
  2 tengu conjurers
  4 polar bears
  Grinder (D:4)
  A hornet (D:7)
  6 trolls
  A meliai (Lair:2)
  18 blink frogs
  A slime creature (D:10)
  2 dream sheep (Lair:5)
  A centaur simulacrum (D:10)
  3 wyverns (Lair:4)
  4 wraiths
  3 water elementals (D:14)
  A human (shapeshifter) (D:14)
  A vampire (D:11)
  4 basilisks
  11 humans (D:13)
  65 yaks
  8 wargs
  3 vampire mosquitoes (D:12)
  2 acid dragons
  13 water moccasins
  22 orc warriors
  2 sky beasts
  3 black bears
  2 ogres
  12 wolves
  19 centaurs
  3 lemures (D:5)
  2 kobold brigands (D:8)
  4 bullfrogs
  5 wights (D:9)
  3 scorpions
  14 killer bees
  3 hounds
  7 orc priests
  A jelly (D:6)
  8 iguanas
  3 gnoll boudas
  16 orc wizards
  3 mummies (Ossuary)
  12 gnolls
  6 adders
  A shadow imp (D:7)
  3 white imps
  An ufetubus (D:6)
  2 dart slugs
  59 orcs
  6 ball pythons
  4 bats
  10 endoplasms
  4 giant cockroaches
  4 goblins
  5 hobgoblins
  4 jackals
  2 quokkas
  A frilled lizard (D:1)
  6 goblin zombies (Ossuary)
  7 hobgoblin zombies (Ossuary)
  13 kobolds
  4 kobold zombies (Ossuary)
  3 rats (D:2)
585 creatures vanquished.

Vanquished Creatures (others)
  A fire vortex (D:11)
  6 foxfires (Lair:3)
  37 fungi
  32 plants
76 creatures vanquished.

Grand Total: 661 creatures vanquished

Notes
Turn   | Place    | Note
-------+----------+-------------------------------------------
     0 | D:1      | qw the Tengu Warper began the quest for the Orb.
     0 | D:1      | Reached XP level 1. HP: 12/12 MP: 4/4
     0 | D:1      | 0 ||| qw: Version: 0.1-a-89-g26bdef1
     0 | D:1      | 0 ||| qw: Game counter: 287
     0 | D:1      | 0 ||| qw: Always use a shield: true
     0 | D:1      | 0 ||| qw: God list: Okawaru
     0 | D:1      | 0 ||| qw: Allow faded altars: false
     0 | D:1      | 0 ||| qw: Do Orc after D:15 true
     0 | D:1      | 0 ||| qw: Do second Lair branch before Depths: true
     0 | D:1      | 0 ||| qw: Lair rune preference: random
     0 | D:1      | 0 ||| qw: Plans: Normal
     0 | D:1      | 0 ||| PLANNING D:1-11
    20 | D:1      | 20 ||| Stepping ~*~*~tactically~*~*~ (stealth).
   116 | D:1      | Reached XP level 2. HP: 16/17 MP: 6/6
   321 | D:1      | Reached skill level 3 in Axes
   366 | D:1      | 366 ||| Stepping ~*~*~tactically~*~*~ (hiding).
   468 | D:1      | 468 ||| Stepping ~*~*~tactically~*~*~ (hiding).
   570 | D:1      | 570 ||| Stepping ~*~*~tactically~*~*~ (hiding).
   672 | D:1      | 672 ||| Stepping ~*~*~tactically~*~*~ (hiding).
  1236 | D:1      | 1236 ||| UPGRADING to +0 cloak.
  1241 | D:1      | 1241 ||| UPGRADING to +2 hat.
  1246 | D:1      | 1246 ||| READING scroll labelled ECKOOTHACW.
  1247 | D:1      | 1247 ||| READING scroll labelled NIUPRE LESMIA.
  1248 | D:1      | 1248 ||| DRINKING 2 sedimented inky potions.
  1353 | D:1      | 1353 ||| DROPPING scroll of blinking.
  1354 | D:1      | 1354 ||| DROPPING potion of berserk rage.
  1367 | D:2      | 1367 ||| STAIRDANCE
  1415 | D:2      | Found a shimmering blue altar of Sif Muna.
  1528 | D:2      | 1528 ||| Stepping ~*~*~tactically~*~*~ (stealth).
  1535 | D:2      | 1535 ||| READING scroll of enchant weapon.
  1535 | D:2      | 1535 ||| ENCHANTING +1 hand axe.
  1549 | D:2      | Reached XP level 3. HP: 21/21 MP: 7/7
  1642 | D:2      | 1642 ||| Stepping ~*~*~tactically~*~*~ (stealth).
  1655 | D:2      | Found a faded altar of an unknown god.
  1660 | D:2      | 1660 ||| Stepping ~*~*~tactically~*~*~ (stealth).
  1792 | D:2      | Found Uxufib's General Store.
  1798 | D:2      | 1798 ||| SHOPLISTING +2 hat of see invisible (294 gold,
                  | have 117).
  1798 | D:2      | 1798 ||| BUYING potion of heal wounds (70 gold).
  1798 | D:2      | Bought a potion of heal wounds for 70 gold pieces
  1798 | D:2      | 1798 ||| SHOPLISTING wand of digging (8) (470 gold, have
                  | 47).
  1856 | D:2      | Reached skill level 4 in Axes
  2245 | D:3      | Noticed a scorpion
  2253 | D:3      | Killed a scorpion
  2254 | D:3      | Reached skill level 5 in Axes
  2254 | D:3      | Reached XP level 4. HP: 23/26 MP: 8/8
  2650 | D:3      | 2650 ||| UPGRADING to +0 ring mail.
  2660 | D:3      | 2660 ||| DROPPING +0 leather armour.
  2661 | D:3      | 2661 ||| UPGRADING to +0 scale mail.
  2671 | D:3      | 2671 ||| DROPPING +0 ring mail.
  2672 | D:3      | 2672 ||| UPGRADING to ring of protection from fire.
  2673 | D:3      | 2673 ||| READING 2 scrolls labelled HUOTUG QIOTZAPHAL.
  2674 | D:3      | 2674 ||| DRINKING 2 grey potions.
  2675 | D:3      | 2675 ||| DRINKING 2 sedimented orange potions.
  2676 | D:3      | 2676 ||| DROPPING potion of magic.
  2677 | D:3      | 2677 ||| DROPPING scroll of vulnerability.
  2726 | D:4      | 2726 ||| STAIRDANCE
  2772 | D:4      | Gained mutation: Your magical nature lets you fly swiftly
                  | and evasively. [Tengu growth]
  2772 | D:4      | Reached XP level 5. HP: 28/30 MP: 9/9
  2816 | D:4      | 2816 ||| DROPPING +0 club.
  2845 | D:4      | Found a staircase to the Ecumenical Temple.
  2846 | D:4      | 2846 ||| PLANNING TEMPLE
  2846 | D:4      | 2846 ||| UPGRADING to ring of see invisible.
  2847 | D:4      | 2847 ||| READING scroll labelled UCEUDO DAHUSU.
  2961 | Temple   | Entered the Ecumenical Temple
  2973 | Temple   | Became a worshipper of Warmaster Okawaru
  2996 | Temple   | 2996 ||| PLANNING D:1-11
  3005 | D:4      | 3005 ||| Stepping randomly (stuck).
  3120 | D:4      | 3120 ||| Stepping ~*~*~tactically~*~*~ (hiding).
  3124 | D:4      | 3124 ||| Stepping ~*~*~tactically~*~*~ (hiding).
  3126 | D:4      | 3126 ||| DRINKING 2 potions of curing.
  3126 | D:4      | 3126 ||| (to cure confusion)
  3135 | D:4      | Reached skill level 6 in Axes
  3166 | D:4      | 3166 ||| DROPPING +0 whip.
  3453 | D:4      | Noticed Grinder
  3454 | D:4      | 3454 ||| Stepping ~*~*~tactically~*~*~ (hiding).
  3466 | D:4      | Paralysed by Grinder for 4 turns
  3471 | D:4      | HP: 5/30 [Grinder/nerve-wracking pain (9)]
  3472 | D:4      | 3472 ||| DRINKING potion of heal wounds.
  3476 | D:4      | HP: 4/30 [Grinder/nerve-wracking pain (5)]
  3479 | D:4      | Killed Grinder
  3479 | D:4      | Reached * piety under Okawaru
  3480 | D:4      | Reached skill level 7 in Axes
  3480 | D:4      | Reached XP level 6. HP: 5/35 MP: 10/10
  3994 | D:4      | 3994 ||| READING scroll labelled DISTOD NAOTSUI.
  4028 | D:5      | Entered Level 5 of the Dungeon
  4099 | D:5      | Reached XP level 7. HP: 40/40 MP: 11/11
  4220 | D:5      | 4220 ||| Stepping ~*~*~tactically~*~*~ (hiding).
  4226 | D:5      | Reached skill level 1 in Invocations
  4334 | D:5      | 4334 ||| SWAPPING to +0 war axe.
  4338 | D:5      | 4338 ||| DROPPING +2 hand axe.
  4407 | D:5      | Found a sacrificial altar of Ru.
  4409 | D:5      | 4409 ||| Stepping ~*~*~tactically~*~*~ (stealth).
  4410 | D:5      | 4410 ||| Stepping ~*~*~tactically~*~*~ (stealth).
  4538 | D:5      | 4538 ||| INVOKING Heroism.
  4671 | D:5      | 4671 ||| INVOKING Heroism.
  4775 | D:5      | Reached skill level 3 in Fighting
  4989 | D:5      | Noticed Pikel
  4990 | D:5      | 4990 ||| FLEEEEING.
  4991 | D:5      | 4991 ||| FLEEEEING.
  4992 | D:5      | 4992 ||| FLEEEEING.
  4993 | D:5      | 4993 ||| FLEEEEING.
  5004 | D:5      | 5004 ||| FLEEEEING.
  5013 | D:5      | 5013 ||| STAIRDANCE
  5052 | D:5      | 5052 ||| INVOKING Heroism.
  5064 | D:5      | Killed Pikel
  5064 | D:5      | Reached ** piety under Okawaru
  5065 | D:5      | Reached skill level 8 in Axes
  5065 | D:5      | Reached skill level 3 in Invocations
  5065 | D:5      | Reached XP level 8. HP: 20/46 MP: 10/12
  5344 | D:5      | Found a snail-covered altar of Cheibriados.
  5544 | D:5      | 5544 ||| READING scroll labelled ASIADA CURI.
  5558 | D:6      | 5558 ||| Stepping ~*~*~tactically~*~*~ (stealth).
  5560 | D:6      | 5560 ||| Stepping ~*~*~tactically~*~*~ (stealth).
  5562 | D:6      | 5562 ||| INVOKING Heroism.
  5575 | D:6      | Reached skill level 9 in Axes
  5585 | D:6      | 5585 ||| FLEEEEING.
  5586 | D:6      | 5586 ||| STAIRDANCE
  5631 | D:6      | 5631 ||| STAIRDANCE
  5728 | D:6      | 5728 ||| Stepping ~*~*~tactically~*~*~ (stealth).
  5732 | D:6      | 5732 ||| INVOKING Heroism.
  5781 | D:6      | 5781 ||| Stepping ~*~*~tactically~*~*~ (stealth).
  5788 | D:6      | Reached skill level 3 in Dodging
  5814 | D:6      | Found Cusyutao's Antique Weapon Boutique.
  5823 | D:6      | 5823 ||| SHOPLISTING eveningstar (255 gold, have 223).
  5823 | D:6      | 5823 ||| BUYING runed war axe (110 gold).
  5823 | D:6      | Bought a runed war axe for 110 gold pieces
  5823 | D:6      | 5823 ||| SWAPPING to +6 war axe of venom.
  5824 | D:6      | 5824 ||| DROPPING +0 war axe.
  5867 | D:6      | 5867 ||| INVOKING Heroism.
  5948 | D:6      | 5948 ||| INVOKING Heroism.
  6065 | D:6      | 6065 ||| Stepping ~*~*~tactically~*~*~ (stealth).
  6067 | D:6      | 6067 ||| Stepping ~*~*~tactically~*~*~ (hiding).
  6073 | D:6      | 6073 ||| INVOKING Heroism.
  6100 | D:6      | 6100 ||| FLEEEEING.
  6428 | D:6      | 6428 ||| Stepping ~*~*~tactically~*~*~ (hiding).
  6459 | D:6      | 6459 ||| Stepping ~*~*~tactically~*~*~ (stealth).
  6463 | D:6      | Reached skill level 10 in Axes
  6463 | D:6      | Reached XP level 9. HP: 52/52 MP: 13/13
  6465 | D:6      | 6465 ||| Stepping ~*~*~tactically~*~*~ (stealth).
  6466 | D:6      | 6466 ||| Stepping ~*~*~tactically~*~*~ (stealth).
  6468 | D:6      | 6468 ||| INVOKING Heroism.
  6684 | D:6      | 6684 ||| Stepping ~*~*~tactically~*~*~ (hiding).
  6842 | D:6      | 6842 ||| READING scroll labelled FOUBRU JUUDICE.
  6843 | D:6      | 6843 ||| DRINKING 3 smoky emerald potions.
  6844 | D:6      | 6844 ||| DRINKING 2 gluggy clear potions.
  6844 | D:6      | Gained mutation: Your flesh is heat resistant. (rF+)
                  | [potion of mutation]
  6844 | D:6      | Gained mutation: You have hidden genetic potential. [potion
                  | of mutation]
  6844 | D:6      | Gained mutation: Your flesh is cold resistant. (rC+)
                  | [potion of mutation]
  6845 | D:6      | 6845 ||| DROPPING 2 potions of degeneration.
  6865 | D:7      | 6865 ||| PLANNING OSSUARY
  6885 | D:7      | 6885 ||| INVOKING Heroism.
  6906 | D:7      | Found a sparkling altar of Nemelex Xobeh.
  7004 | D:7      | 7004 ||| INVOKING Heroism.
  7083 | D:7      | 7083 ||| Stepping ~*~*~tactically~*~*~ (hiding).
  7085 | D:7      | 7085 ||| INVOKING Heroism.
  7093 | D:7      | 7093 ||| Stepping ~*~*~tactically~*~*~ (hiding).
  7100 | D:7      | Reached skill level 11 in Axes
  7101 | D:7      | 7101 ||| Stepping ~*~*~tactically~*~*~ (hiding).
  7108 | D:7      | Reached *** piety under Okawaru
  7112 | D:7      | Reached skill level 3 in Armour
  7485 | D:7      | Found a sand-covered staircase.
  7486 | D:7      | 7486 ||| UPGRADING to +0 chain mail.
  7496 | D:7      | 7496 ||| DROPPING +0 scale mail.
  7497 | D:7      | 7497 ||| UPGRADING to +4 ring of evasion.
  7506 | Ossuary  | Entered an ossuary
  7521 | Ossuary  | 7521 ||| Stepping ~*~*~tactically~*~*~ (stealth).
  7530 | Ossuary  | 7530 ||| Stepping ~*~*~tactically~*~*~ (stealth).
  7580 | Ossuary  | 7580 ||| Stepping ~*~*~tactically~*~*~ (stealth).
  7602 | Ossuary  | 7602 ||| Stepping ~*~*~tactically~*~*~ (stealth).
  7774 | Ossuary  | 7774 ||| INVOKING Heroism.
  7993 | Ossuary  | 7993 ||| READING 2 scrolls labelled KEZIMU FIWK.
  7993 | Ossuary  | Identified 2 scrolls of acquirement
  7993 | Ossuary  | 7993 ||| ACQUIRING 1020 gold pieces
  7993 | Ossuary  | Acquired 1020 gold pieces
  7995 | Ossuary  | 7995 ||| READING scroll of acquirement.
  7995 | Ossuary  | 7995 ||| ACQUIRING amulet "Huvyen" {Regen+ Int+4}
  7995 | Ossuary  | Acquired the amulet "Huvyen" {Regen+ Int+4}
  7997 | Ossuary  | 7997 ||| UPGRADING to amulet "Huvyen" {Regen+ Int+4}.
  8002 | Ossuary  | 8002 ||| READING scroll labelled VYHE XURICKE.
  8029 | Ossuary  | 8029 ||| READING scroll labelled ZINAEL FINUZALETT.
  8030 | Ossuary  | 8030 ||| DRINKING 3 orange potions.
  8031 | Ossuary  | 8031 ||| READING 3 scrolls of identify.
  8031 | Ossuary  | 8031 ||| IDENTIFYING smoky brown potion
  8032 | Ossuary  | 8032 ||| READING 2 scrolls of identify.
  8032 | Ossuary  | 8032 ||| IDENTIFYING coppery potion
  8033 | Ossuary  | 8033 ||| DROPPING 2 potions of brilliance.
  8034 | Ossuary  | 8034 ||| DROPPING potion of attraction.
  8067 | D:7      | 8067 ||| PLANNING D:1-11
  8114 | D:7      | Found a runed translucent door.
  8115 | D:7      | Noticed Crazy Yiuf
  8326 | D:7      | Identified the +6 lajatang of Dim Light {holy, rF+ Str+4}
  8340 | D:7      | Noticed a hornet
  8343 | D:7      | 8343 ||| INVOKING Heroism.
  8344 | D:7      | Killed a hornet
  8605 | D:7      | 8605 ||| Stepping randomly (stuck).
  8670 | D:8      | 8670 ||| Stepping ~*~*~tactically~*~*~ (hiding).
  8676 | D:8      | 8676 ||| INVOKING Heroism.
  8678 | D:8      | Reached skill level 12 in Axes
  8696 | D:8      | 8696 ||| Stepping ~*~*~tactically~*~*~ (stealth).
  8698 | D:8      | 8698 ||| Stepping ~*~*~tactically~*~*~ (stealth).
  8702 | D:8      | 8702 ||| Stepping ~*~*~tactically~*~*~ (stealth).
  8704 | D:8      | 8704 ||| INVOKING Heroism.
  8712 | D:8      | 8712 ||| DRINKING 6 potions of curing.
  8712 | D:8      | 8712 ||| (to cure confusion)
  8737 | D:8      | Found a glowing golden altar of the Shining One.
  8773 | D:8      | 8773 ||| INVOKING Heroism.
  8774 | D:8      | 8774 ||| Stepping ~*~*~tactically~*~*~ (stealth).
  8817 | D:8      | 8817 ||| Stepping ~*~*~tactically~*~*~ (stealth).
  8819 | D:8      | 8819 ||| INVOKING Heroism.
  8823 | D:8      | Reached XP level 10. HP: 53/60 MP: 11/14
  8825 | D:8      | Reached skill level 6 in Fighting
  8937 | D:8      | 8937 ||| Stepping ~*~*~tactically~*~*~ (stealth).
  8939 | D:8      | 8939 ||| Stepping ~*~*~tactically~*~*~ (stealth).
  8940 | D:8      | 8940 ||| Stepping ~*~*~tactically~*~*~ (stealth).
  8941 | D:8      | 8941 ||| Stepping ~*~*~tactically~*~*~ (stealth).
  8946 | D:8      | 8946 ||| INVOKING Heroism.
  8959 | D:8      | Gained mutation: Your natural rate of healing is unusually
                  | fast. [hidden potential]
  9035 | D:8      | 9035 ||| Stepping ~*~*~tactically~*~*~ (stealth).
  9037 | D:8      | 9037 ||| Stepping ~*~*~tactically~*~*~ (hiding).
  9038 | D:8      | 9038 ||| Stepping ~*~*~tactically~*~*~ (hiding).
  9332 | D:8      | 9332 ||| READING scroll labelled CAASIU LAETH.
  9333 | D:8      | 9333 ||| READING 2 scrolls of identify.
  9333 | D:8      | 9333 ||| IDENTIFYING fizzy puce potion
  9334 | D:8      | 9334 ||| DROPPING potion of lignification.
  9361 | D:9      | 9361 ||| Stepping ~*~*~tactically~*~*~ (stealth).
  9363 | D:9      | 9363 ||| INVOKING Heroism.
  9364 | D:9      | 9364 ||| Stepping ~*~*~tactically~*~*~ (stealth).
  9374 | D:9      | 9374 ||| Stepping ~*~*~tactically~*~*~ (stealth).
  9385 | D:9      | Found a shimmering altar of Xom.
  9539 | D:9      | 9539 ||| Stepping ~*~*~tactically~*~*~ (hiding).
  9540 | D:9      | 9540 ||| Stepping ~*~*~tactically~*~*~ (hiding).
  9543 | D:9      | 9543 ||| Stepping ~*~*~tactically~*~*~ (stealth).
  9547 | D:9      | 9547 ||| INVOKING Heroism.
  9564 | D:9      | 9564 ||| Stepping ~*~*~tactically~*~*~ (stealth).
  9566 | D:9      | 9566 ||| Stepping ~*~*~tactically~*~*~ (hiding).
  9629 | D:9      | 9629 ||| INVOKING Heroism.
  9662 | D:9      | 9662 ||| DROPPING +0 flail.
  9702 | D:9      | Found Poeh's Overcharged Wands.
  9815 | D:9      | 9815 ||| Stepping ~*~*~tactically~*~*~ (stealth).
  9816 | D:9      | 9816 ||| Stepping ~*~*~tactically~*~*~ (stealth).
  9818 | D:9      | 9818 ||| INVOKING Heroism.
  9827 | D:9      | Reached skill level 13 in Axes
  9844 | D:9      | Found a staircase to the Orcish Mines.
  9913 | D:9      | 9913 ||| INVOKING Heroism.
  9919 | D:9      | Reached **** piety under Okawaru
  9933 | D:9      | Identified the +1 robe of Owik {+Inv Slay+2}
 10119 | D:9      | 10119 ||| UPGRADING to +0 plate armour.
 10129 | D:9      | 10129 ||| DROPPING +0 chain mail.
 10130 | D:9      | 10130 ||| READING scroll labelled BYUQEL DUBBIRICIW.
 10160 | D:10     | Entered Level 10 of the Dungeon
 10179 | D:10     | Noticed Erolcha
 10180 | D:10     | 10180 ||| INVOKING Heroism.
 10188 | D:10     | Killed Erolcha
 10189 | D:10     | Reached skill level 6 in Armour
 10219 | D:10     | 10219 ||| INVOKING Heroism.
 10228 | D:10     | Reached XP level 11. HP: 57/64 MP: 12/15
 10266 | D:10     | Found a glowing silver altar of Zin.
 10315 | D:10     | 10315 ||| INVOKING Heroism.
 10351 | D:10     | Found a staircase to the Lair.
 10378 | D:10     | Noticed a two-headed ogre
 10379 | D:10     | 10379 ||| INVOKING Heroism.
 10382 | D:10     | Killed a two-headed ogre
 10396 | D:10     | Gained mutation: You have great hidden genetic potential.
                  | [hidden potential]
 10396 | D:10     | Lost mutation: You have great hidden genetic potential.
                  | [hidden potential expressed]
 10418 | D:10     | 10418 ||| INVOKING Heroism.
 10455 | D:10     | Reached skill level 6 in Invocations
 10553 | D:10     | 10553 ||| INVOKING Heroism.
 10576 | D:10     | Reached ***** piety under Okawaru
 10578 | D:10     | Noticed an ogre mage
 10579 | D:10     | 10579 ||| INVOKING Heroism.
 10585 | D:10     | Paralysed by an ogre mage for 2 turns
 10588 | D:10     | Killed an ogre mage
 10588 | D:10     | Received a gift from Okawaru
 10588 | D:10     | Noticed a cyan ugly thing
 10589 | D:10     | 10589 ||| Stepping ~*~*~tactically~*~*~ (hiding).
 10590 | D:10     | 10590 ||| Stepping ~*~*~tactically~*~*~ (hiding).
 10600 | D:10     | Killed a cyan ugly thing
 10601 | D:10     | Reached skill level 14 in Axes
 10648 | D:10     | Noticed a manticore
 10649 | D:10     | 10649 ||| INVOKING Heroism.
 10652 | D:10     | Noticed a cyclops
 10656 | D:10     | Killed a cyclops
 10658 | D:10     | Killed a manticore
 10661 | D:10     | Received a gift from Okawaru
 10686 | D:10     | Noticed a centaur warrior
 10687 | D:10     | 10687 ||| Stepping ~*~*~tactically~*~*~ (hiding).
 10688 | D:10     | 10688 ||| INVOKING Heroism.
 10689 | D:10     | Noticed a white ugly thing
 10691 | D:10     | HP: 7/64 [centaur warrior/arrow (14)]
 10692 | D:10     | 10692 ||| READING 3 scrolls of teleportation.
 10693 | D:10     | 10693 ||| DRINKING 3 potions of heal wounds.
 10696 | D:10     | HP: 11/64 [white ugly thing (16)]
 10697 | D:10     | 10697 ||| DRINKING 2 potions of heal wounds.
 10719 | D:10     | Killed a white ugly thing
 10720 | D:10     | Reached skill level 3 in Throwing
 10752 | D:10     | Found an ornate altar of the Wu Jian Council.
 10850 | D:10     | 10850 ||| Stepping ~*~*~tactically~*~*~ (hiding).
 10860 | D:10     | Killed a centaur warrior
 10860 | D:10     | Received a gift from Okawaru
 10911 | D:10     | 10911 ||| Stepping ~*~*~tactically~*~*~ (hiding).
 10919 | D:10     | 10919 ||| INVOKING Heroism.
 10936 | D:10     | Noticed a sixfirhy
 10940 | D:10     | 10940 ||| INVOKING Heroism.
 11077 | D:10     | 11077 ||| PLANNING LAIR
 11077 | D:10     | 11077 ||| DROPPING +6 ring of intelligence.
 11078 | D:10     | 11078 ||| DROPPING ring of magical power.
 11079 | D:10     | 11079 ||| READING 3 scrolls of identify.
 11079 | D:10     | 11079 ||| IDENTIFYING purple potion
 11080 | D:10     | 11080 ||| DROPPING potion of flight.
 11117 | Lair:1   | Entered Level 1 of the Lair of Beasts
 11118 | Lair:1   | 11118 ||| INVOKING Heroism.
 11123 | Lair:1   | Received a gift from Okawaru
 11128 | Lair:1   | Reached XP level 12. HP: 71/71 MP: 17/19
 11148 | Lair:1   | Gained mutation: Your system is resistant to poisons.
                  | (rPois) [hidden potential]
 11261 | Lair:1   | 11261 ||| READING scroll of acquirement.
 11261 | Lair:1   | 11261 ||| ACQUIRING ring of Byegyfec {rC+ rN+ Will- rCorr
                  | SInv}
 11261 | Lair:1   | Acquired the ring of Byegyfec {rC+ rN+ Will- rCorr SInv}
 11263 | Lair:1   | 11263 ||| UPGRADING to ring of Byegyfec {rC+ rN+ Will-
                  | rCorr SInv}.
 11292 | Lair:1   | Received a gift from Okawaru
 11298 | Lair:1   | 11298 ||| INVOKING Heroism.
 11303 | Lair:1   | 11303 ||| Stepping ~*~*~tactically~*~*~ (stealth).
 11307 | Lair:1   | 11307 ||| Stepping ~*~*~tactically~*~*~ (stealth).
 11312 | Lair:1   | Reached skill level 9 in Invocations
 11331 | Lair:1   | Received a gift from Okawaru
 11452 | Lair:1   | 11452 ||| INVOKING Heroism.
 11507 | Lair:1   | Identified the amulet "Neganoasm" {Acrobat rC++ rN+ rCorr
                  | Dex-5}
 11731 | Lair:1   | 11731 ||| DROPPING +0 hat of willpower.
 11732 | Lair:1   | 11732 ||| DROPPING +1 hat.
 11800 | Lair:2   | 11800 ||| INVOKING Heroism.
 11883 | Lair:2   | 11883 ||| Stepping ~*~*~tactically~*~*~ (stealth).
 11885 | Lair:2   | 11885 ||| Stepping ~*~*~tactically~*~*~ (stealth).
 11889 | Lair:2   | 11889 ||| Stepping ~*~*~tactically~*~*~ (stealth).
 11890 | Lair:2   | 11890 ||| Stepping ~*~*~tactically~*~*~ (stealth).
 11898 | Lair:2   | 11898 ||| INVOKING Heroism.
 11933 | Lair:2   | 11933 ||| Stepping ~*~*~tactically~*~*~ (hiding).
 11941 | Lair:2   | Reached skill level 15 in Axes
 12164 | Lair:2   | 12164 ||| Stepping ~*~*~tactically~*~*~ (stealth).
 12165 | Lair:2   | 12165 ||| Stepping ~*~*~tactically~*~*~ (stealth).
 12167 | Lair:2   | 12167 ||| INVOKING Heroism.
 12168 | Lair:2   | 12168 ||| Stepping ~*~*~tactically~*~*~ (stealth).
 12235 | Lair:2   | 12235 ||| INVOKING Heroism.
 12312 | Lair:2   | 12312 ||| Stepping ~*~*~tactically~*~*~ (stealth).
 12313 | Lair:2   | 12313 ||| Stepping ~*~*~tactically~*~*~ (stealth).
 12345 | Lair:2   | 12345 ||| Stepping ~*~*~tactically~*~*~ (stealth).
 12375 | Lair:2   | 12375 ||| Stepping ~*~*~tactically~*~*~ (stealth).
 12378 | Lair:2   | 12378 ||| Stepping ~*~*~tactically~*~*~ (stealth).
 12405 | Lair:2   | 12405 ||| Stepping ~*~*~tactically~*~*~ (stealth).
 12407 | Lair:2   | 12407 ||| Stepping ~*~*~tactically~*~*~ (stealth).
 12416 | Lair:2   | 12416 ||| Stepping ~*~*~tactically~*~*~ (stealth).
 12420 | Lair:2   | 12420 ||| Stepping ~*~*~tactically~*~*~ (stealth).
 12425 | Lair:2   | Found a hole to the Spider Nest.
 12435 | Lair:2   | 12435 ||| INVOKING Heroism.
 12764 | Lair:2   | 12764 ||| READING 5 scrolls of identify.
 12764 | Lair:2   | 12764 ||| IDENTIFYING inky potion
 12765 | Lair:2   | 12765 ||| READING 4 scrolls of identify.
 12765 | Lair:2   | 12765 ||| IDENTIFYING sedimented cyan potion
 12766 | Lair:2   | 12766 ||| READING 3 scrolls of identify.
 12766 | Lair:2   | 12766 ||| IDENTIFYING fizzy red potion
 12767 | Lair:2   | 12767 ||| DROPPING potion of invisibility.
 12848 | Lair:3   | 12848 ||| INVOKING Heroism.
 12855 | Lair:3   | Reached XP level 13. HP: 78/78 MP: 19/21
 12902 | Lair:3   | 12902 ||| Stepping ~*~*~tactically~*~*~ (stealth).
 12905 | Lair:3   | 12905 ||| INVOKING Heroism.
 12911 | Lair:3   | Gained mutation: You are partially covered in iridescent
                  | scales. (AC +2) [hidden potential]
 12911 | Lair:3   | Lost mutation: You have hidden genetic potential. [hidden
                  | potential expressed]
 12942 | Lair:3   | Found a staircase to the Swamp.
 12951 | Lair:3   | 12951 ||| Stepping ~*~*~tactically~*~*~ (stealth).
 12998 | Lair:3   | 12998 ||| Stepping ~*~*~tactically~*~*~ (stealth).
 12999 | Lair:3   | 12999 ||| Stepping ~*~*~tactically~*~*~ (stealth).
 13004 | Lair:3   | 13004 ||| INVOKING Heroism.
 13012 | Lair:3   | Reached skill level 16 in Axes
 13105 | Lair:3   | 13105 ||| Stepping ~*~*~tactically~*~*~ (stealth).
 13110 | Lair:3   | 13110 ||| INVOKING Heroism.
 13111 | Lair:3   | 13111 ||| Stepping ~*~*~tactically~*~*~ (stealth).
 13114 | Lair:3   | 13114 ||| Stepping ~*~*~tactically~*~*~ (stealth).
 13115 | Lair:3   | 13115 ||| Stepping ~*~*~tactically~*~*~ (stealth).
 13146 | Lair:3   | 13146 ||| Stepping ~*~*~tactically~*~*~ (stealth).
 13153 | Lair:3   | 13153 ||| Stepping ~*~*~tactically~*~*~ (stealth).
 13158 | Lair:3   | 13158 ||| INVOKING Heroism.
 13166 | Lair:3   | Reached skill level 9 in Armour
 13275 | Lair:3   | 13275 ||| INVOKING Heroism.
 13620 | Lair:3   | 13620 ||| READING scroll labelled OTEYMO NUAHEIG.
 13621 | Lair:3   | 13621 ||| READING scroll labelled HEX KOL NADE.
 13744 | Lair:4   | 13744 ||| INVOKING Heroism.
 13745 | Lair:4   | 13745 ||| SWAPPING to +1 morningstar.
 13746 | Lair:4   | 13746 ||| INVOKING Finesse.
 13753 | Lair:4   | 13753 ||| SWAPPING to +6 war axe of venom.
 13794 | Lair:4   | 13794 ||| INVOKING Heroism.
 13799 | Lair:4   | Reached skill level 9 in Fighting
 13819 | Lair:4   | 13819 ||| Stepping ~*~*~tactically~*~*~ (hiding).
 13861 | Lair:4   | Found a runed translucent door.
 13912 | Lair:4   | Found a transporter.
 13944 | Lair:4   | 13944 ||| INVOKING Heroism.
 13945 | Lair:4   | 13945 ||| INVOKING Finesse.
 14026 | Lair:4   | 14026 ||| Stepping ~*~*~tactically~*~*~ (stealth).
 14039 | Lair:4   | Found a dark tunnel.
 14055 | Lair:4   | 14055 ||| INVOKING Heroism.
 14102 | Lair:4   | Found a viscous altar of Jiyva.
 14102 | Lair:4   | Found a staircase to the Slime Pits.
 14184 | Lair:4   | 14184 ||| INVOKING Heroism.
 14185 | Lair:4   | 14185 ||| INVOKING Finesse.
 14283 | Lair:4   | Noticed Juirae's ghost (journeyman TrMo)
 14313 | Lair:4   | Found a transporter.
 14895 | Lair:4   | 14895 ||| UPGRADING to +0 buckler.
 14907 | Lair:5   | Entered Level 5 of the Lair of Beasts
 14908 | Lair:5   | 14908 ||| INVOKING Heroism.
 14909 | Lair:5   | 14909 ||| INVOKING Finesse.
 14911 | Lair:5   | 14911 ||| STAIRDANCE
 14966 | Lair:5   | 14966 ||| STAIRDANCE
 14968 | Lair:4   | 14968 ||| INVOKING Heroism.
 14969 | Lair:4   | 14969 ||| INVOKING Finesse.
 15029 | Lair:5   | 15029 ||| INVOKING Heroism.
 15030 | Lair:5   | 15030 ||| STAIRDANCE
 15032 | Lair:4   | 15032 ||| INVOKING Finesse.
 15043 | Lair:4   | Received a gift from Okawaru
 15044 | Lair:4   | Reached skill level 3 in Shields
 15092 | Lair:5   | 15092 ||| STAIRDANCE
 15121 | Lair:5   | 15121 ||| STAIRDANCE
 15227 | Lair:5   | 15227 ||| Stepping ~*~*~tactically~*~*~ (stealth).
 15231 | Lair:5   | 15231 ||| INVOKING Heroism.
 15275 | Lair:5   | 15275 ||| INVOKING Heroism.
 15296 | Lair:5   | 15296 ||| READING scroll of enchant armour.
 15296 | Lair:5   | 15296 ||| ENCHANTING +0 cloak.
 15333 | Lair:5   | 15333 ||| INVOKING Heroism.
 15403 | Lair:5   | 15403 ||| INVOKING Heroism.
 15437 | Lair:5   | 15437 ||| INVOKING Heroism.
 15456 | Lair:5   | 15456 ||| Stepping ~*~*~tactically~*~*~ (hiding).
 15462 | Lair:5   | Reached skill level 6 in Shields
 15600 | Lair:5   | 15600 ||| Stepping ~*~*~tactically~*~*~ (stealth).
 15601 | Lair:5   | 15601 ||| INVOKING Heroism.
 15618 | Lair:5   | Reached XP level 14. HP: 86/86 MP: 22/22
 15633 | Lair:5   | 15633 ||| Stepping ~*~*~tactically~*~*~ (hiding).
 15635 | Lair:5   | 15635 ||| INVOKING Finesse.
 15643 | Lair:5   | 15643 ||| Stepping ~*~*~tactically~*~*~ (cloud).
 15644 | Lair:5   | 15644 ||| Stepping ~*~*~tactically~*~*~ (cloud).
 15699 | Lair:5   | 15699 ||| INVOKING Heroism.
 15700 | Lair:5   | 15700 ||| INVOKING Finesse.
 15708 | Lair:5   | 15708 ||| Stepping ~*~*~tactically~*~*~ (stealth).
 15709 | Lair:5   | 15709 ||| Stepping ~*~*~tactically~*~*~ (stealth).
 15714 | Lair:5   | 15714 ||| Stepping ~*~*~tactically~*~*~ (stealth).
 15718 | Lair:5   | Received a gift from Okawaru
 15760 | Lair:5   | Reached skill level 6 in Dodging
 15771 | Lair:5   | 15771 ||| SWAPPING to +2 broad axe of venom.
 15772 | Lair:5   | 15772 ||| DROPPING +6 war axe of venom.
 15832 | Lair:5   | 15832 ||| FLEEEEING.
 15833 | Lair:5   | 15833 ||| FLEEEEING.
 15834 | Lair:5   | 15834 ||| FLEEEEING.
 15835 | Lair:5   | 15835 ||| FLEEEEING.
 15836 | Lair:5   | 15836 ||| FLEEEEING.
 15837 | Lair:5   | 15837 ||| FLEEEEING.
 15841 | Lair:5   | 15841 ||| Stepping ~*~*~tactically~*~*~ (hiding).
 15843 | Lair:5   | 15843 ||| INVOKING Heroism.
 15846 | Lair:5   | 15846 ||| INVOKING Finesse.
 15854 | Lair:5   | 15854 ||| SWAPPING to +1 morningstar.
 15865 | Lair:5   | HP: 18/88 [five-headed hydra (6)]
 15866 | Lair:5   | 15866 ||| READING 5 scrolls of teleportation.
 15867 | Lair:5   | 15867 ||| DRINKING 3 potions of heal wounds.
 15869 | Lair:5   | HP: 4/88 [five-headed hydra (11)]
 15870 | Lair:5   | 15870 ||| DRINKING 2 potions of heal wounds.
 15871 | Lair:5   | 15871 ||| SWAPPING to +2 broad axe of venom.
 16071 | Lair:5   | 16071 ||| Stepping ~*~*~tactically~*~*~ (stealth).
 16077 | Lair:5   | 16077 ||| INVOKING Heroism.
 16113 | Lair:5   | 16113 ||| INVOKING Finesse.
 16147 | Lair:5   | 16147 ||| INVOKING Heroism.
 16195 | Lair:5   | 16195 ||| INVOKING Finesse.
 16200 | Lair:5   | 16200 ||| SWAPPING to +1 morningstar.
 16204 | Lair:5   | Reached skill level 17 in Axes
 16204 | Lair:5   | 16204 ||| SWAPPING to +2 broad axe of venom.
 16322 | Lair:5   | 16322 ||| Stepping ~*~*~tactically~*~*~ (stealth).
 16351 | Lair:5   | 16351 ||| Stepping ~*~*~tactically~*~*~ (stealth).
 16355 | Lair:5   | 16355 ||| INVOKING Heroism.
 16356 | Lair:5   | 16356 ||| SWAPPING to +1 morningstar.
 16357 | Lair:5   | 16357 ||| INVOKING Finesse.
 16358 | Lair:5   | 16358 ||| Stepping ~*~*~tactically~*~*~ (outnumbered).
 16360 | Lair:5   | 16360 ||| Stepping ~*~*~tactically~*~*~ (outnumbered).
 16361 | Lair:5   | 16361 ||| Stepping ~*~*~tactically~*~*~ (outnumbered).
 16363 | Lair:5   | 16363 ||| Stepping ~*~*~tactically~*~*~ (outnumbered).
 16364 | Lair:5   | 16364 ||| SWAPPING to +2 broad axe of venom.
 16367 | Lair:5   | 16367 ||| SWAPPING to +1 morningstar.
 16377 | Lair:5   | 16377 ||| SWAPPING to +2 broad axe of venom.
 16394 | Lair:5   | Identified the +1 pair of gloves "Erusti" {rF++} (Okawaru
                  | gifted it to you on level 5 of the Lair of Beasts)
 16394 | Lair:5   | Received a gift from Okawaru
 16749 | Lair:5   | 16749 ||| PLANNING D:1-11
 16749 | Lair:5   | 16749 ||| UPGRADING to +1 pair of gloves "Erusti" {rF++}.
 16906 | D:11     | Identified the +1 leather armour "Jetej" {*Slow Fly rN+
                  | Str+3}
 16929 | D:11     | 16929 ||| INVOKING Heroism.
 16930 | D:11     | 16930 ||| INVOKING Finesse.
 16990 | D:11     | 16990 ||| DRINKING 13 potions of curing.
 16990 | D:11     | 16990 ||| (to cure confusion)
 17058 | D:11     | 17058 ||| INVOKING Heroism.
 17059 | D:11     | 17059 ||| INVOKING Finesse.
 17062 | D:11     | 17062 ||| SWAPPING to +1 morningstar.
 17069 | D:11     | 17069 ||| SWAPPING to +2 broad axe of venom.
 17165 | D:11     | Reached skill level 18 in Axes
 17191 | D:11     | 17191 ||| Stepping ~*~*~tactically~*~*~ (hiding).
 17199 | D:11     | 17199 ||| INVOKING Heroism.
 17400 | D:11     | 17400 ||| PLANNING D
 17400 | D:11     | 17400 ||| UPGRADING to +2 buckler.
 17410 | D:11     | 17410 ||| DROPPING +0 buckler.
 17411 | D:11     | 17411 ||| DROPPING ring of positive energy.
 17618 | D:12     | 17618 ||| INVOKING Heroism.
 17619 | D:12     | 17619 ||| SWAPPING to +1 morningstar.
 17620 | D:12     | 17620 ||| INVOKING Finesse.
 17631 | D:12     | 17631 ||| SWAPPING to +2 broad axe of venom.
 18271 | D:12     | 18271 ||| Stepping ~*~*~tactically~*~*~ (stealth).
 18363 | D:12     | 18363 ||| DROPPING scarf of invisibility.
 18426 | D:13     | 18426 ||| INVOKING Heroism.
 18521 | D:13     | 18521 ||| Stepping ~*~*~tactically~*~*~ (stealth).
 18522 | D:13     | 18522 ||| Stepping ~*~*~tactically~*~*~ (stealth).
 18522 | D:13     | Found a transporter.
 18535 | D:13     | Found a transporter.
 18599 | D:13     | Identified the +7 long sword of Exoneration {speed, rPois
                  | Str-4 Int+6}
 18928 | D:13     | 18928 ||| INVOKING Heroism.
 18945 | D:13     | Reached skill level 6 in Throwing
 18946 | D:13     | Reached XP level 15. HP: 90/92 MP: 23/23
 18966 | D:13     | Found a gate to the Vaults.
 19020 | D:13     | Noticed Xeymp's ghost (journeyman SpEn)
 19027 | D:13     | Found a one-way gate to the infinite horrors of the Abyss.
 19319 | D:13     | 19319 ||| UPGRADING to +0 tower shield.
 19329 | D:13     | 19329 ||| DROPPING +2 buckler.
 19487 | D:14     | 19487 ||| Stepping ~*~*~tactically~*~*~ (hiding).
 19491 | D:14     | 19491 ||| INVOKING Heroism.
 19525 | D:14     | HP: 20/92 [cyan ugly thing (15)]
 19526 | D:14     | 19526 ||| READING 6 scrolls of teleportation.
 19527 | D:14     | 19527 ||| DRINKING potion of heal wounds.
 19531 | D:14     | 19531 ||| INVOKING Heroism.
 19532 | D:14     | 19532 ||| FLEEEEING.
 19535 | D:14     | 19535 ||| Stepping ~*~*~tactically~*~*~ (stealth).
 19540 | D:14     | Reached skill level 9 in Shields
 19609 | D:14     | 19609 ||| INVOKING Heroism.
 19610 | D:14     | Identified the +0 robe of the Verdant Slorg {Dex+4}
                  | (Okawaru gifted it to you on level 14 of the Dungeon)
 19610 | D:14     | Received a gift from Okawaru
 19716 | D:14     | 19716 ||| Stepping ~*~*~tactically~*~*~ (stealth).
 19724 | D:14     | 19724 ||| INVOKING Heroism.
 19812 | D:14     | 19812 ||| INVOKING Heroism.
 20260 | D:14     | 20260 ||| READING scroll labelled ANIDGH NEJEYNK.
 20269 | D:15     | Entered Level 15 of the Dungeon
 20290 | D:15     | Found a staircase to the Depths.
 20290 | D:15     | Noticed a fire giant
 20304 | D:15     | Killed a fire giant
 20367 | D:15     | 20367 ||| INVOKING Heroism.
 20448 | D:15     | 20448 ||| READING scroll of enchant weapon.
 20448 | D:15     | 20448 ||| ENCHANTING +2 broad axe of venom.
 20477 | D:15     | Found a stormy altar of Qazlal.
 20478 | D:15     | 20478 ||| Stepping ~*~*~tactically~*~*~ (hiding).
 20481 | D:15     | 20481 ||| INVOKING Heroism.
 20737 | D:15     | 20737 ||| READING scroll of enchant weapon.
 20737 | D:15     | 20737 ||| ENCHANTING +3 broad axe of venom.
 20823 | D:15     | Reached skill level 12 in Shields
 20823 | D:15     | 20823 ||| READING scroll labelled NIAB ZYMATZO.
 20824 | D:15     | 20824 ||| DROPPING +1 morningstar.
 21010 | D:15     | 21010 ||| PLANNING ORC
 21010 | D:15     | 21010 ||| DROPPING scroll of summoning.
 21129 | Orc:1    | Entered Level 1 of the Orcish Mines
 21130 | Orc:1    | 21130 ||| INVOKING Heroism.
 21131 | Orc:1    | 21131 ||| DRINKING 16 potions of curing.
 21131 | Orc:1    | 21131 ||| (to cure confusion)
 21140 | Orc:1    | Noticed Urug
 21141 | Orc:1    | 21141 ||| INVOKING Finesse.
 21142 | Orc:1    | 21142 ||| INVOKING Finesse.
 21147 | Orc:1    | 21147 ||| DRINKING 15 potions of curing.
 21147 | Orc:1    | 21147 ||| (to cure confusion)
 21151 | Orc:1    | Killed Urug
 21151 | Orc:1    | Received a gift from Okawaru
 21285 | Orc:2    | Entered Level 2 of the Orcish Mines
 21289 | Orc:2    | 21289 ||| INVOKING Heroism.
 21379 | Orc:2    | 21379 ||| INVOKING Heroism.
 21426 | Orc:2    | 21426 ||| INVOKING Heroism.
 21440 | Orc:2    | 21440 ||| Stepping ~*~*~tactically~*~*~ (hiding).
 21475 | Orc:2    | 21475 ||| INVOKING Heroism.
 21510 | Orc:2    | 21510 ||| INVOKING Heroism.
 21513 | Orc:2    | Found Cassant's Antique Weapon Shoppe.
 21524 | Orc:2    | HP: 9/92 [orc knight/+0 great sword (26)]
 21525 | Orc:2    | 21525 ||| READING 6 scrolls of teleportation.
 21527 | Orc:2    | Slain by an orc knight

Levels and vault maps discovered:
D:1:      minmay_arrival_hallway, layout_loops_corners
D:2:      layout_loops_cross, serial_shops, shop,
          dreamdust_ecumenical_altar_grove, basic_altar, minivault_27
D:3:      layout_basic, minivault_24
D:4:      layout_gridville, minmay_temple_entry_slanted, uniq_grinder
D:5:      layout_loops_corners, general_overflow_altar,
          nicolae_ru_great_annihilating_truth, uniq_pikel
D:6:      layout_loops_ring, serial_shops, nicolae_lakefront_shop,
          grunt_ministairs_3
D:7:      layout_loops_cross, overflow_temple_1_default,
          chequers_ossuary_entry_cave, uniq_crazy_yiuf_cottage
D:8:      layout_cave_pools, old_standard_altar
D:9:      layout_stronghold, xom_teletrap_fun, orc_0_dummy,
          nicolae_shop_overcharged_wands
D:10:     hangedman_cross_veins, layout_stronghold,
          mainiacjoe_overflow_large_starburst, lair_entry_dummy, uniq_erolcha
D:11:     layout_big_octagon, serial_column_ruins, column_ruins_hut_pillars,
          column_ruins_grid_1, column_ruins_columns_straight,
          column_ruins_columns_straight, column_ruins_columns_dead_end,
          column_ruins_grid_4
D:12:     layout_loops_corners
D:13:     layout_basic, ximxim_vaults_locker_room,
          gammafunk_ghost_abyssal_escape
D:14:     layout_basic, nicolae_titane
D:15:     grunt_enter_depths_giant_problem, layout_irregular_city,
          nicolae_qazlal_scattered_showers, grunt_ministairs_13
Temple:   hellmonk_temple_of_storms
Lair:1:   layout_hall_layers, chequers_serial_rivers_small_b,
          serial_bayou_shore_a, grunt_megastairs_3, serial_bayou_shore_b,
          lemuel_fruit_tree, infiniplex_staircase_pool_2
Lair:2:   layout_cave_pods, hellmonk_spider_entry_not_the_bees,
          grunt_megastairs_2
Lair:3:   layout_misc_corridors, minmay_swamp_entry_wisps
Lair:4:   gammafunk_cloud_chamber, layout_cave_pods, dpeg_slime_entry_corner,
          nicolae_volcano_entry_lava_flow, gammafunk_ghost_grave, st_stairs_5,
          grunt_megastairs_5
Lair:5:   hangedman_lair_in_review, layout_cellular_growth,
          nicolae_lair_lindhole
Orc:1:    layout_diamond_mine, basic_altar, uniq_urug
Orc:2:    st_orc_town, layout_diamond_mine

Skill      XL: |  1  2  3  4  5  6  7  8  9 10 11 12 13 14 15 |
---------------+----------------------------------------------+-----
Axes           | 3 5 7 8 10 12 13 14 15 16 18 | 18.0
Invocations    | 3 4 5 8 10 | 10.0
Fighting       | 3 4 5 6 8 9 10 | 10.0
Armour         | 2 4 7 8 10 11 | 11.0
Dodging        | 3 4 5 6 |  6.0
Throwing       | 4 5 6 |  6.0
Shields        | 6 12 | 12.7
Spellcasting   | |  2.0
Translocations | |  2.4

Action                   |  1- 3 |  4- 6 |  7- 9 | 10-12 | 13-15 || total
-------------------------+-------+-------+-------+-------+-------++-------
Melee: Hand axe          |    59 |    67 |     2 |       |       ||   128
       Kick              |    11 |    15 |    60 |   134 |   320 ||   540
       Peck              |     7 |    17 |    38 |    65 |   208 ||   335
       Punch             |     1 |     1 |     3 |    16 |     6 ||    27
       War axe           |       |       |   232 |   376 |   242 ||   850
       Morningstar       |       |       |       |       |    37 ||    37
       Broad axe         |       |       |       |       |   572 ||   572
Throw: Boomerang         |     7 |       |    62 |    35 |   147 ||   251
       Javelin           |       |       |       |    43 |    72 ||   115
Invok: Heroism           |       |       |    18 |    26 |    43 ||    87
       Finesse           |       |       |       |       |    16 ||    16
  Use: Scroll            |     3 |     3 |     8 |     9 |    10 ||    33
       Potion            |     1 |     4 |     4 |     2 |     6 ||    17
Armor: Leather armour    |    19 |     1 |       |       |       ||    20
       Scale mail        |       |    17 |    52 |       |       ||    69
       Chain mail        |       |       |    19 |    19 |       ||    38
       Plate armour      |       |       |       |   120 |   365 ||   485
Dodge: Dodged            |    24 |    23 |    99 |   225 |   366 ||   737
Block: Buckler           |       |       |       |       |    91 ||    91
       Tower shield      |       |       |       |       |   294 ||   294

Table legend:
 A = Non-vault XP
 B = Vault XP
 C = Vault XP percentage of total XP
 D = Non-vault monster count
 E = Vault monster count
 F = Vault count percentage of total count
                 A         B        C        D         E       F
            +---------+---------+-------+---------+---------+-------
      Total |   89912 |   37269 |  29.3 |     442 |     140 |  24.1
            +---------+---------+-------+---------+---------+-------
        D:1 |      27 |       0 |   0.0 |      13 |       0 |   0.0
        D:2 |      22 |       0 |   0.0 |      14 |       0 |   0.0
        D:3 |      97 |       0 |   0.0 |       7 |       0 |   0.0
        D:4 |     139 |     290 |  67.6 |      18 |       1 |   5.3
        D:5 |     309 |     683 |  68.9 |       9 |       5 |  35.7
        D:6 |     841 |     143 |  14.5 |      26 |       2 |   7.1
        D:7 |    1496 |       0 |   0.0 |      22 |       0 |   0.0
        D:8 |     905 |       0 |   0.0 |      30 |       0 |   0.0
        D:9 |    2110 |       0 |   0.0 |      25 |       0 |   0.0
       D:10 |    2729 |    7949 |  74.4 |      19 |      21 |  52.5
       D:11 |    4790 |       0 |   0.0 |      12 |       0 |   0.0
       D:12 |    2961 |       0 |   0.0 |       7 |       0 |   0.0
       D:13 |    3890 |    3054 |  44.0 |       9 |      12 |  57.1
       D:14 |   16876 |       0 |   0.0 |      40 |       0 |   0.0
       D:15 |   11352 |    4269 |  27.3 |      16 |       6 |  27.3
     Lair:1 |    5729 |       0 |   0.0 |      21 |       0 |   0.0
     Lair:2 |    7257 |     638 |   8.1 |      33 |       7 |  17.5
     Lair:3 |    7294 |     505 |   6.5 |      27 |       1 |   3.6
     Lair:4 |    7713 |    1908 |  19.8 |      25 |       4 |  13.8
     Lair:5 |   11893 |   12439 |  51.1 |      39 |      24 |  38.1
      Orc:1 |    1049 |     790 |  43.0 |      16 |       1 |   5.9
      Orc:2 |     433 |    4318 |  90.9 |      14 |      35 |  71.4
    Ossuary |       0 |     283 | 100.0 |       0 |      21 | 100.0
            +---------+---------+-------+---------+---------+-------
